 Dungeon Crawl Stone Soup version 0.27-a0-1193-g8631133539 (webtiles) character file.

Game seed: 15155118427503986888

9 EnegeticOcto the Magician (level 2, 0/21 HPs)
             Began as a Djinni Earth Elementalist on May 25, 2021.
             Was a Follower of Fedhas.
             Frozen to death by an endoplasm (6 damage)
             ... on level 2 of the Dungeon.
             The game lasted 00:01:22 (220 turns).

EnegeticOcto the Magician (DjEE)                     Turns: 220, Time: 00:01:23

Health: 0/21       AC:  2    Str:  7    XL:     2   Next: 20%
Gold:   14         EV: 12    Int: 16    God:    Fedhas [*.....] SH:  0 Dex: 13

rFire    + + .     SeeInvis .   (no weapon)
rCold    x . .     Faith    .   (no shield)
rNeg     . . .     Spirit   .   c - +0 robe
rPois    ∞         Reflect  .   (no helmet)
rElec    .         Harm     .   (no cloak)
rCorr    .         Rampage  .   (no gloves)
Will     .....                  (boots unavailable)
Stlth    ++........             (no amulet)
HPRegen  0.07/turn              (no ring)
MPRegen  0.00/turn              (no ring)

@: flying
A: sickness immunity, fire resistance 2, cold vulnerability 1, float, innate
caster, hp casting, extra vitality 1
a: Renounce Religion


You were on level 2 of the Dungeon.
You worshipped Fedhas.
Fedhas was aware of your devotion.
You visited 1 branch of the dungeon, and saw 2 of its levels.

You collected 14 gold pieces.

Inventory:

Missiles
 b - 62 stones
Armour
 c - a +0 robe (worn)
Scrolls
 a - a scroll of enchant armour {unknown}
 d - a scroll of magic mapping {unknown}


   Skills:
 - Level 2.1 Dodging
 - Level 1.5 Stealth
 + Level 2.9 Spellcasting


You couldn't memorise any spells.
You knew the following spells:

 Your Spells              Type           Power      Damage    Failure   Level
a - Sandblast             Erth           22%        2d7       6%          1
b - Stone Arrow           Conj/Erth      22%        3d8       17%         3
c - Petrify               Tmut/Erth      11%        N/A       50%         4
d - Lee's Rapid Deconstr  Erth           5%         3d7*      85%         5
p - Passwall              Tmut/Erth      9%         N/A       9%          2
Your spell library was empty.

Dungeon Overview and Level Annotations

Branches:
Dungeon (2/15)

Altars:
Fedhas


Innate Abilities, Weirdness & Mutations

You are immune to sickness and miasma.
You are immune to poison.
Your flesh is very heat resistant. (rF++)
You are vulnerable to cold. (rC-)
You float through the air rather than walking.
You learn spells naturally, not from books.
Your magical power is your life essence.
You have superior vitality. (+4 HP)


Message History

Press: ? - help, Shift-Dir - straight line, f - hobgoblin
Aim: a hobgoblin (79% to hit)
The blast of sand hits the hobgoblin.
The hobgoblin is severely wounded.
Casting: Sandblast (safe; 7% risk of failure)
Confirm with . or Enter, or press ? or * to list all spells.
Aiming: Sandblast (safe; 7% risk of failure)
Press: ? - help, Shift-Dir - straight line, f/p - hobgoblin
Aim: a hobgoblin (severely wounded, 79% to hit)
The blast of sand hits the hobgoblin.
You kill the hobgoblin!
Casting: Sandblast (safe; 6% risk of failure)
Confirm with . or Enter, or press ? or * to list all spells.
Aiming: Sandblast (safe; 6% risk of failure)
Press: ? - help, Shift-Dir - straight line, f - you That would be overly suicidal.
Okay, then.
Unknown command.
Casting: Sandblast (safe; 6% risk of failure)
Confirm with . or Enter, or press ? or * to list all spells.
Aiming: Sandblast (safe; 6% risk of failure)
Press: ? - help, Shift-Dir - straight line, f - ball python
Aim: a ball python (77% to hit)
The blast of sand hits the ball python!
You kill the ball python!
You have reached level 2!
d - a scroll labelled MALEG XYBI Unknown command.
A hobgoblin comes into view.
The hobgoblin shouts!
Casting: Sandblast (safe; 6% risk of failure)
Confirm with . or Enter, or press ? or * to list all spells.
Aiming: Sandblast (safe; 6% risk of failure)
Press: ? - help, Shift-Dir - straight line, f - hobgoblin
Aim: a hobgoblin (79% to hit)
The blast of sand hits the hobgoblin.
The hobgoblin is heavily wounded.
Casting: Sandblast (safe; 6% risk of failure)
Confirm with . or Enter, or press ? or * to list all spells.
Aiming: Sandblast (safe; 6% risk of failure)
Press: ? - help, Shift-Dir - straight line, f/p - hobgoblin
Aim: a hobgoblin (heavily wounded, 79% to hit)
The blast of sand hits the hobgoblin!
You kill the hobgoblin!
Found a faded altar of an unknown god.
Found 10 gold pieces.
There is a shaft here.
There is a faded altar of an unknown god here.
You cannot tell which god this altar belongs to.
Convert to them anyway?
Fedhas accepts your prayer! Fedhas welcomes you!
The plants of the dungeon cease their hostilities.
There is a shaft here.
Found 4 gold pieces.
A kobold comes into view. It is wielding a +0 club.
You see here 10 gold pieces.
You now have 10 gold pieces.
The kobold throws a stone.
The stone hits you.
Casting: Sandblast (safe; 6% risk of failure)
Confirm with . or Enter, or press ? or * to list all spells.
Aiming: Sandblast (safe; 6% risk of failure)
Press: ? - help, Shift-Dir - straight line, f - kobold
Aim: a kobold, wielding a +0 club and quivering stones (74% to hit)
You miscast Sandblast.
You are very lightly contaminated with residual magic.
Nothing appears to happen.
Casting: Sandblast (safe; 6% risk of failure)
Confirm with . or Enter, or press ? or * to list all spells.
Aiming: Sandblast (safe; 6% risk of failure)
Press: ? - help, Shift-Dir - straight line, f/p - kobold
Aim: a kobold, wielding a +0 club and quivering stones (74% to hit)
The blast of sand hits the kobold.
You kill the kobold!
Fedhas appreciates your contribution to the ecosystem.
You now have 14 gold pieces (gained 4).
Your magical contamination has completely faded away.
b - 63 stones (gained 4)
You see here a +0 club.
Found 23 stones and 14 gold pieces.
A hobgoblin comes into view.
The hobgoblin shouts!
An endoplasm comes into view.
The endoplasm quivers.
Casting: Sandblast (safe; 6% risk of failure)
Confirm with . or Enter, or press ? or * to list all spells.
Aiming: Sandblast (safe; 6% risk of failure)
Press: ? - help, Shift-Dir - straight line, f - hobgoblin
Aim: a hobgoblin (79% to hit)
The blast of sand hits the hobgoblin but does no damage.
The hobgoblin hits you. The hobgoblin barely misses you.
The hobgoblin hits you. The endoplasm freezes you.
You are frozen.
You feel a terrible chill!
* * * LOW HITPOINT WARNING * * *
The hobgoblin barely misses you. The endoplasm freezes you.
You are frozen.
You feel a terrible chill!
You die...
Fedhas appreciates your contribution to the ecosystem.

.. ###.##
.....####
###.#....##
.........# ###
####.#.....##...
.......g....$...
######J@.....#.
#..............
#........######
#........##
#.........#
#.........#
#.........#
#.....)...# ≈
#.........# .


You could see an endoplasm and a hobgoblin.

Vanquished Creatures
  A ball python (D:2)
  An endoplasm (D:2)
  4 hobgoblins
  A kobold (D:2)
7 creatures vanquished.

Notes
Turn   | Place    | Note
-------+----------+-------------------------------------------
     0 | D:1      | EnegeticOcto the Djinni Earth Elementalist began the quest
                  | for the Orb.
     0 | D:1      | Reached XP level 1. HP: 15/15 MP: 0/0
   137 | D:2      | Reached XP level 2. HP: 16/21 MP: 0/0
   181 | D:2      | Found a faded altar of an unknown god.
   187 | D:2      | Became a worshipper of Fedhas Madash
   187 | D:2      | Reached * piety under Fedhas
   220 | D:2      | Frozen to death by an endoplasm

Illustrated notes

Levels and vault maps discovered:
D:1:      dpeg_arrival_signposts, layout_basic
D:2:      layout_basic, serial_shops, nicolae_shop_waterfront,
          hellmonk_ecumenical_altar_leap_of_faith, uniq_natasha

Action                   || total
-------------------------++-------
 Cast: Sandblast         ||    10
Dodge: Dodged            ||     2

Table legend: (Time is in decaauts)
 A = Elapsed time spent in this place.
 B = Non-inter-level travel time spent in this place.
 C = Inter-level travel time spent in this place.
 D = Time resting spent in this place.
 E = Time spent auto-exploring this place.
 F = Levels seen in this place.
 G = Mean time per level.
                   A        B        C        D        E       F      G
               +--------+--------+--------+--------+--------+-----+--------+
         Total |    219 |    214 |      5 |      0 |      0 |   2 |  109.5 |
       Dungeon |    219 |    214 |      5 |      0 |      0 |   2 |  109.5 |
               +--------+--------+--------+--------+--------+-----+--------+

Top non-repeatable levels by time:
     D:2: 110 daAuts
     D:1: 109 daAuts
